 Dungeon Crawl Stone Soup version 0.29-a0-555-g3b24f45cc1 (webtiles) character file.

Game seed: 6698548407548747198

1135 testman the Destroyer (level 8, -1/61 HPs)
             Began as a Meteoran Wanderer on June 7, 2022.
             Slain by a gnoll
             ... wielding a +0 whip
             ... led by a gnoll sergeant
              (3 damage)
             ... on level 5 of the Dungeon.
             The game lasted 00:14:50 (1652 turns).

testman the Destroyer (Meteoran Wanderer)           Turns: 1652, Time: 00:14:51

Health: -1/61      AC:  5    Str: 14    XL:     8   Next: 94%
Magic:  6/13       EV: 10    Int: 21    God:
Gold:   226        SH:  4    Dex: 14    Spells: 7/12 levels left

rFire   + . .      SeeInvis +   k - +7 hand axe of Biuliesk {vorpal, rPois rF+ Int+3}
rCold   . . .      Faith    .   b - +0 buckler
rNeg    . . .      Spirit   .   d - +0 leather armour
rPois   +          Reflect  .   x - +1 helmet {Int+3}
rElec   .          Harm     .   (no cloak)
rCorr   .          Rampage  .   (no gloves)
Will    +....                   (no boots)
Stlth   +.........              (no amulet)
HPRegen 0.20/turn               o - ring of wizardry
MPRegen 0.13/turn               f - ring of see invisible

@: glowing
A: sense surroundings 1, otherworldly, glowing, explore regen
a: no special abilities


You were on level 5 of the Dungeon.
You visited 1 branch of the dungeon, and saw 6 of its levels.

You collected 226 gold pieces.

Inventory:

Hand Weapons
 a - a +0 falchion
 g - a +2 vorpal hunting sling
 k - the +7 hand axe of Biuliesk (weapon) {vorpal, rPois rF+ Int+3}
   (You found it on level 3 of the Dungeon)

   It inflicts extra damage upon your enemies.
   Int:       It affects your intelligence (+3).
   rF:        It protects you from fire.
   rPois:     It protects you from poison.
Missiles
 p - 5 poisoned darts
Armour
 b - a +0 buckler (worn)
 d - a +0 leather armour (worn)
 x - a +1 helmet of intelligence (worn)
Jewellery
 f - a ring of see invisible (right hand)
 o - a ring of wizardry (left hand)
Scrolls
 c - a scroll of fear
 e - a scroll of enchant weapon
 h - a scroll of vulnerability {unknown}
 i - 2 scrolls of immolation {unknown}
 l - 2 scrolls of brand weapon {unknown}
 m - 2 scrolls of blinking
 q - a scroll of fog {unknown}
 r - 2 scrolls of noise {unknown}
 t - a scroll of teleportation {unknown}
 u - a scroll of summoning {unknown}
 v - a scroll of enchant armour {unknown}
 y - a scroll of identify
Potions
 j - 3 potions of curing
 n - 2 potions of attraction
 s - 2 potions of lignification {unknown}
 w - a potion of cancellation {unknown}


   Skills:
 - Level 2.2 Fighting
 - Level 2.7 Long Blades
 - Level 2.4 Shields
 - Level 2.6 Spellcasting
 + Level 8.3 Conjurations
 + Level 8.1 Fire Magic
 - Level 1.2 Evocations


You had 7 spell levels left.
You knew the following spells:

 Your Spells              Type           Power      Damage    Failure   Level
a - Foxfire               Conj/Fire      100%       2x1d9     1%          1
b - Sticky Flame          Conj/Fire      37%        2d6       3%          4

Your spell library contained the following spells:

 Spells                   Type           Power      Damage    Failure   Level
 Shock                    Conj/Air       80%        1d8       1%          1


Dungeon Overview and Level Annotations

Branches:
Dungeon (6/15)
 Temple: D:4-7

Altars:
Nemelex Xobeh
Trog
Yredelemnul
Zin

Shops:
D:3 *   D:5 *


Innate Abilities, Weirdness & Mutations

You passively map a small area around you.
You are easily found by Zot.
You glow in the dark.
You regain HP and MP as you explore.


Message History

You conjure some foxfire!
The gnoll burns!
You kill the gnoll!
Your foxfire dissipates!
The foxfire hits the gnoll sergeant.
The gnoll sergeant is lightly wounded.
The gnoll sergeant hits you with a +0 trident.
Casting: Foxfire (safe; 1% risk of failure)
Confirm with . or Enter, or press ? or * to list all spells.
Aiming: Sticky Flame (dangerous; 3% risk of failure)
Press: ? - help, Shift-Dir - straight line, f - gnoll sergeant
Aim: a gnoll sergeant, wielding a +0 trident and wearing a +0 scale mail (100% to hit)
The sticky flame hits the gnoll sergeant!
The gnoll sergeant is moderately wounded.
The gnoll sergeant is covered in liquid flames!
The gnoll sergeant burns!
The gnoll sergeant hits you with a +0 trident!
You hit the gnoll sergeant.
The gnoll sergeant is severely wounded.
The gnoll sergeant burns!
The gnoll sergeant hits you with a +0 trident.
You hit the gnoll sergeant.
The gnoll sergeant is almost dead.
The gnoll sergeant burns!
You kill the gnoll sergeant!
You hit the gnoll.
The gnoll is lightly wounded.
The gnoll hits you with a +0 whip! The gnoll barely misses you.
You hit the gnoll.
The gnoll is heavily wounded.
You block the gnoll's attack.
The gnoll sergeant hits you from afar with a +7 vampiric spear.
* * * LOW HITPOINT WARNING * * *
You closely miss the gnoll.
The gnoll is heavily wounded.
You block the gnoll's attack.
The gnoll sergeant hits you from afar with a +7 vampiric spear!
* * * LOW HITPOINT WARNING * * *
The gnoll attacks as you move away! The gnoll hits you with a +0 whip.
You die...

....# ###........#
....# #..........#
....# #.......####
....# #.......#
##### #.......#
#.......#####
#............ ####
#######............
#..#
#.@................
#..#
#g############.....
...# #g# #...<.
#..# #g# #.....
#..# *#g# ####.....
.(.# * g.., ,
***#........ .†>#
... * , #########
).## *..... * , ..#
.....


You could see a gnoll sergeant and 4 gnolls.

Vanquished Creatures
  A black bear (D:6)
  A sky beast (D:5)
  3 ogres (D:5)
  A phantom (D:5)
  A bullfrog (D:6)
  2 necrophages (D:6)
  A gnoll sergeant (D:5)
  A scorpion (D:5)
  2 hounds (D:5)
  2 jellies
  2 iguanas
  An orc wizard (D:3)
  2 gnolls
  5 adders
  2 shadow imps (D:6)
  An ufetubus (D:6)
  A dart slug (D:3)
  10 orcs
  4 endoplasms
  2 goblins
  3 hobgoblins
  5 jackals
  2 quokkas (D:1)
  A ball python (D:1)
  3 frilled lizards
  A kobold (D:2)
  5 rats
  A spectral orc (D:3)
66 creatures vanquished.

Vanquished Creatures (others)
  50 foxfires
50 creatures vanquished.

Grand Total: 116 creatures vanquished

Notes
Turn   | Place    | Note
-------+----------+-------------------------------------------
     0 | D:1      | testman the Meteoran Wanderer began the quest for the Orb.
     0 | D:1      | testman set off with the following items: a +0 falchion, a
                  | +0 buckler, a scroll of fear, a +0 leather armour; and the
                  | following spells available to memorise: Foxfire, Shock,
                  | Sticky Flame
     0 | D:1      | Reached XP level 1. HP: 14/14 MP: 5/5
     2 | D:1      | Learned a level 1 spell: Foxfire
   144 | D:1      | Reached skill level 1 in Fire Magic
   219 | D:1      | Reached XP level 2. HP: 20/20 MP: 6/6
   294 | D:2      | Reached XP level 3. HP: 18/26 MP: 5/8
   415 | D:3      | Identified the +7 hand axe of Biuliesk {vorpal, rPois rF+
                  | Int+3}
   450 | D:3      | You fall into a shaft and drop 3 floors!
   459 | D:6      | Noticed a necrophage
   469 | D:6      | Killed a necrophage
   470 | D:6      | Reached XP level 4. HP: 28/36 MP: 4/9
   470 | D:6      | Reached XP level 5. HP: 32/41 MP: 4/10
   475 | D:6      | Learned a level 4 spell: Sticky Flame
   516 | D:6      | Found a sparkling altar of Nemelex Xobeh.
   535 | D:6      | HP: 1/41 [acid (5)]
   691 | D:6      | Noticed a necrophage
   702 | D:6      | Killed a necrophage
   703 | D:6      | Reached XP level 6. HP: 37/48 MP: 3/11
   723 | D:6      | Reached skill level 5 in Conjurations
   786 | D:6      | Reached skill level 5 in Fire Magic
   800 | D:6      | Noticed a black bear
   803 | D:6      | Killed a black bear
   804 | D:6      | Reached XP level 7. HP: 44/55 MP: 12/12
   832 | D:6      | Found a bloodstained altar of Trog.
   856 | D:5      | Entered Level 5 of the Dungeon
  1024 | D:5      | Found Nuukut's Gadget Gallery.
  1045 | D:5      | Reached XP level 8. HP: 57/61 MP: 7/13
  1235 | D:3      | Found a basalt altar of Yredelemnul.
  1259 | D:3      | Found Zin's Purification Station.
  1260 | D:3      | Found a glowing silver altar of Zin.
  1651 | D:5      | HP: 2/61 [gnoll sergeant/+7 vampiric spear (14)]
  1652 | D:5      | Slain by a gnoll

Illustrated notes

Levels and vault maps discovered:
D:1:      lemuel_arrival_cross, layout_basic, minmay_door_square
D:2:      layout_loops_cross, chequers_ecumenical_altar_grove
D:3:      layout_basic, yredelemnul_forgotten_temple_becter, zin_purify,
          corexii_leaking_fountain
D:4:      layout_loops_ring, minmay_temple_entry_wispy,
          chequers_serial_rivers_large_b, st_stairs_8,
          chequers_serial_rivers_small_b, chequers_serial_rivers_small_b
D:5:      layout_basic, lemuel_round_altar, nicolae_shop_gadgets
D:6:      layout_gridville, nemelex_spade_bored_becter, kennysheep_little_box,
          minmay_fractal_squares_diagonal_5, uniq_prince_ribbit1

Skill      XL: |  1  2  3  4  5  6  7  8 |
---------------+-------------------------+-----
Fire Magic     | 1 2 3 4 5 6 8 |  8.1
Conjurations   | 4 5 6 8 |  8.3
Fighting       | 2 |  2.2
Long Blades    | |  2.7
Shields        | |  2.4
Spellcasting   | |  2.6
Evocations     | |  1.2

Action                   |  1- 3 |  4- 6 |  7- 9 || total
-------------------------+-------+-------+-------++-------
Melee: Falchion          |    59 |       |       ||    59
       Hand axe          |     2 |    22 |    44 ||    68
 Cast: Foxfire           |     7 |     5 |    18 ||    30
       Sticky Flame      |       |     2 |    11 ||    13
  Use: Scroll            |       |     3 |     1 ||     4
       Potion            |       |     1 |       ||     1
Armor: Leather armour    |    16 |     6 |     9 ||    31
Dodge: Dodged            |    24 |    13 |    20 ||    57
Block: Buckler           |    12 |     1 |     5 ||    18

Table legend: (Time is in decaauts)
 A = Elapsed time spent in this place.
 B = Non-inter-level travel time spent in this place.
 C = Inter-level travel time spent in this place.
 D = Time resting spent in this place.
 E = Time spent auto-exploring this place.
 F = Levels seen in this place.
 G = Mean time per level.
                   A        B        C        D        E       F      G
               +--------+--------+--------+--------+--------+-----+--------+
         Total |   1695 |   1580 |    115 |    154 |    514 |   6 |  282.5 |
       Dungeon |   1695 |   1580 |    115 |    154 |    514 |   6 |  282.5 |
               +--------+--------+--------+--------+--------+-----+--------+

Top non-repeatable levels by time:
     D:6: 442 daAuts
     D:5: 406 daAuts
     D:1: 294 daAuts
     D:3: 257 daAuts
     D:4: 170 daAuts
     D:2: 124 daAuts
